PL
TOLEDO STINGERS @ LAS VEGAS FLAMINGOS
09/15/2034
 
TOP OF THE 1ST
Toledo Stingers batting - Pitching for Las Vegas Flamingos : LHP Luis Peña
Pitching: LHP Luis Peña
Batting: LHB Tural Bishara 0-0: Ground out 5-3 (Groundball, 5)
Batting: RHB Brett Callison 0-0: Swinging Strike
0-1: Ball
1-1: Swinging Strike
1-2: Ball
2-2: Ball
3-2: Base on Balls
Batting: RHB Alfredo Martínez 0-0: Called Strike
0-1: Foul Ball, location: 2F
0-2: Strikes out looking
Batting: LHB Kyoji Hakoda 0-0: Ball
1-0: Fly out, F9 (Flyball, 9S)
Top of the 1st over - 0 runs, 0 hits, 0 errors, 1 left on base; Toledo 0 - Las Vegas 0
BOTTOM OF THE 1ST
Las Vegas Flamingos batting - Pitching for Toledo Stingers : LHP Maxime Janssens
Pitching: LHP Maxime Janssens
Batting: RHB Sake van Arem 0-0: Ball
1-0: Called Strike
1-1: Ball
2-1: TRIPLE (Groundball, 3L)
Batting: LHB Ruud van Ineveld 0-0: Called Strike
0-1: SINGLE (Line Drive, 9S)
Sake van Arem scores
Batting: RHB Baldomero Avino 0-0: Ball
1-0: Swinging Strike
1-1: Ball
2-1: Ground out 5-3 (Groundball, 56S)
Ruud van Ineveld to second
Batting: LHB Victor Adams 0-0: Foul Ball, location: 2F
0-1: Ball
1-1: Swinging Strike
1-2: Ball
2-2: Strikes out swinging
Batting: LHB Ty Tomblin 0-0: Ball
1-0: Ball
2-0: Ground out 6-3 (Groundball, 6)
Bottom of the 1st over - 1 run, 2 hits, 0 errors, 1 left on base; Toledo 0 - Las Vegas 1
TOP OF THE 2ND
Toledo Stingers batting - Pitching for Las Vegas Flamingos : LHP Luis Peña
Batting: SHB Dylan Carson 0-0: Ball
1-0: Foul Ball, location: 2F
1-1: Foul Ball, location: 2F
1-2: SINGLE (Line Drive, 8RS)
Batting: RHB Tamasaburo Kato 0-0: Ball
1-0: Ball
2-0: Ball
3-0: Called Strike
3-1: Base on Balls
Dylan Carson to second
Batting: RHB Manny Bendixen 0-0: Ball
1-0: Swinging Strike
1-1: Swinging Strike
1-2: Ball
2-2: Ball
3-2: Base on Balls
Dylan Carson to third
Tamasaburo Kato to second
Batting: RHB Pedro Álvarez 0-0: Ball
1-0: Ball
2-0: Called Strike
2-1: Called Strike
2-2: Grounds into fielders choice 1-2 (Groundball, 13S)
Tamasaburo Kato to third
Manny Bendixen to second
Batting: LHB Francisco Alfaro 0-0: Foul Ball, location: 2F
0-1: Ball
1-1: Ball
2-1: Swinging Strike
2-2: Strikes out swinging
Batting: LHB Tural Bishara 0-0: Ball
1-0: Fly out, F9 (Flyball, 9S)
Top of the 2nd over - 0 runs, 1 hit, 0 errors, 3 left on base; Toledo 0 - Las Vegas 1
BOTTOM OF THE 2ND
Las Vegas Flamingos batting - Pitching for Toledo Stingers : LHP Maxime Janssens
Batting: RHB Xavier Hernández 0-0: Called Strike
0-1: Swinging Strike
0-2: Ball
1-2: Strikes out looking
Batting: SHB Takashi Noda 0-0: Ball
1-0: Ball
2-0: Ball
3-0: Called Strike
3-1: Called Strike
3-2: Foul Ball, location: 2F
3-2: Ground out 6-3 (Groundball, 6)
Batting: RHB Shihei Kichikawa 0-0: Called Strike
0-1: Ball
1-1: Fly out, F4 (Popup, 34D)
Bottom of the 2nd over - 0 runs, 0 hits, 0 errors, 0 left on base; Toledo 0 - Las Vegas 1
TOP OF THE 3RD
Toledo Stingers batting - Pitching for Las Vegas Flamingos : LHP Luis Peña
Batting: RHB Brett Callison 0-0: Called Strike
0-1: Ball
1-1: Ball
2-1: Foul Ball, location: 2F
2-2: DOUBLE (Groundball, 5L)
Batting: RHB Alfredo Martínez 0-0: Ball
1-0: Called Strike
1-1: Foul Ball, location: 2F
1-2: Strikes out swinging
Batting: LHB Kyoji Hakoda 0-0: SINGLE (Line Drive, 8RS)
Brett Callison to third
Runner from 3rd tries for Home, SAFE, no throw
Batting: SHB Dylan Carson 0-0: Called Strike
0-1: Swinging Strike
0-2: Ball
1-2: Strikes out swinging
Batting: RHB Tamasaburo Kato 0-0: Called Strike
0-1: Called Strike
0-2: Ball
1-2: Ball
2-2: Fly out, F4 (Line Drive, 4)
Top of the 3rd over - 1 run, 2 hits, 0 errors, 1 left on base; Toledo 1 - Las Vegas 1
BOTTOM OF THE 3RD
Las Vegas Flamingos batting - Pitching for Toledo Stingers : LHP Maxime Janssens
Batting: RHB Jeff Young 0-0: Ground out 5-3 (Groundball, 56)
Batting: RHB Sake van Arem 0-0: Foul Ball, location: 2F
0-1: Foul Ball, location: 2F
0-2: Ball
1-2: Ground out 6-3 (Groundball, 6)
Batting: LHB Ruud van Ineveld 0-0: SINGLE (Flyball, 9LS)
Batting: RHB Baldomero Avino 0-0: Called Strike
0-1: Ball
1-1: Ball
2-1: Foul Ball, location: 2F
2-2: Strikes out swinging
Bottom of the 3rd over - 0 runs, 1 hit, 0 errors, 1 left on base; Toledo 1 - Las Vegas 1
TOP OF THE 4TH
Toledo Stingers batting - Pitching for Las Vegas Flamingos : LHP Luis Peña
Batting: RHB Manny Bendixen 0-0: Ball
1-0: Foul Ball, location: 2F
1-1: Ground out 4-3 (Groundball, 34)
Batting: RHB Pedro Álvarez 0-0: Called Strike
0-1: Ball
1-1: Swinging Strike
1-2: Foul Ball, location: 2F
1-2: Ball
2-2: Foul Ball, location: 2F
2-2: Foul Ball, location: 2F
2-2: Ground out 6-3 (Groundball, 6)
Batting: LHB Francisco Alfaro 0-0: Ball
1-0: Called Strike
1-1: Ball
2-1: Foul Ball, location: 2F
2-2: Fly out, F9 (Flyball, 9S)
Top of the 4th over - 0 runs, 0 hits, 0 errors, 0 left on base; Toledo 1 - Las Vegas 1
BOTTOM OF THE 4TH
Las Vegas Flamingos batting - Pitching for Toledo Stingers : LHP Maxime Janssens
Batting: LHB Victor Adams 0-0: Ball
1-0: Ball
2-0: Ball
3-0: Called Strike
3-1: Ground out 5-3 (Groundball, 56S)
Batting: LHB Ty Tomblin 0-0: Swinging Strike
0-1: Fly out, F6 (Line Drive, 6)
Batting: RHB Xavier Hernández 0-0: Fly out, F6 (Line Drive, 56)
Bottom of the 4th over - 0 runs, 0 hits, 0 errors, 0 left on base; Toledo 1 - Las Vegas 1
TOP OF THE 5TH
Toledo Stingers batting - Pitching for Las Vegas Flamingos : LHP Luis Peña
Batting: LHB Tural Bishara 0-0: Ball
1-0: Called Strike
1-1: Ball
2-1: Ground out 5-3 (Groundball, 56)
Batting: RHB Brett Callison 0-0: DOUBLE (Line Drive, 7LM)
Batting: RHB Alfredo Martínez 0-0: Ball
1-0: Ball
2-0: Ball
3-0: Foul Ball, location: 2F
3-1: Hit by Pitch
Batting: LHB Kyoji Hakoda 0-0: Called Strike
0-1: Ball
1-1: Ball
2-1: Ball
3-1: Called Strike
3-2: 3-RUN HOME RUN (Flyball, 9D), Distance : 404 ft
Batting: SHB Dylan Carson 0-0: Ball
1-0: Foul Ball, location: 2F
1-1: Ball
2-1: Ball
3-1: Foul Ball, location: 2F
3-2: Strikes out swinging
Batting: RHB Tamasaburo Kato 0-0: Ball
1-0: Swinging Strike
1-1: Ball
2-1: Ground out 6-3 (Groundball, 6S)
Top of the 5th over - 3 runs, 2 hits, 0 errors, 0 left on base; Toledo 4 - Las Vegas 1
BOTTOM OF THE 5TH
Las Vegas Flamingos batting - Pitching for Toledo Stingers : LHP Maxime Janssens
Batting: SHB Takashi Noda 0-0: Called Strike
0-1: Ball
1-1: Ball
2-1: Ball
3-1: Base on Balls
Batting: RHB Shihei Kichikawa 0-0: Called Strike
0-1: Ball
1-1: Ball
2-1: Ball
3-1: Base on Balls
Takashi Noda to second
Batting: RHB Jeff Young 0-0: Called Strike
0-1: Grounds into double play, 5-4-3 (Groundball, 56)
Takashi Noda to third
Batting: RHB Sake van Arem 0-0: Ball
1-0: Ball
2-0: Called Strike
2-1: Foul Ball, location: 2F
2-2: SINGLE (Line Drive, 56)
Takashi Noda scores
Batting: LHB Ruud van Ineveld 0-0: Called Strike
0-1: Ball
1-1: Fly out, F4 (Popup, 4M)
Bottom of the 5th over - 1 run, 1 hit, 0 errors, 1 left on base; Toledo 4 - Las Vegas 2
TOP OF THE 6TH
Toledo Stingers batting - Pitching for Las Vegas Flamingos : LHP Luis Peña
Pitching: RHP Esteban Ruíz
Batting: RHB Manny Bendixen 0-0: Ball
1-0: Swinging Strike
1-1: Called Strike
1-2: Ball
2-2: Strikes out looking
Batting: RHB Pedro Álvarez 0-0: Foul Ball, location: 2F
0-1: Ball
1-1: Ball
2-1: Foul Ball, location: 2F
2-2: Foul Ball, location: 2F
2-2: Ball
3-2: Foul Ball, location: 2F
3-2: Ground out 3-1 (Groundball, 34)
Batting: LHB Francisco Alfaro 0-0: Ball
1-0: Foul Ball, location: 2F
1-1: Foul Ball, location: 2F
1-2: Strikes out looking
Top of the 6th over - 0 runs, 0 hits, 0 errors, 0 left on base; Toledo 4 - Las Vegas 2
BOTTOM OF THE 6TH
Las Vegas Flamingos batting - Pitching for Toledo Stingers : LHP Maxime Janssens
Batting: RHB Baldomero Avino 0-0: Called Strike
0-1: Ball
1-1: SINGLE (Groundball, 56D)
Batting: LHB Victor Adams 0-0: Ball
1-0: Ball
2-0: Foul Ball, location: 2F
2-1: Fly out, F6 (Line Drive, 6)
Batting: LHB Ty Tomblin 0-0: Called Strike
0-1: Ball
1-1: SINGLE (Groundball, 4MD)
Baldomero Avino to second
Batting: RHB Xavier Hernández 0-0: Swinging Strike
0-1: Called Strike
0-2: Foul Ball, location: 2F
0-2: Strikes out looking
Batting: SHB Takashi Noda 0-0: Ball
1-0: Ball
2-0: Foul Ball, location: 2F
2-1: Foul Ball, location: 2F
2-2: Strikes out looking
Bottom of the 6th over - 0 runs, 2 hits, 0 errors, 2 left on base; Toledo 4 - Las Vegas 2
TOP OF THE 7TH
Toledo Stingers batting - Pitching for Las Vegas Flamingos : RHP Esteban Ruíz
Batting: LHB Tural Bishara 0-0: Called Strike
0-1: Ball
1-1: Ball
2-1: Fly out, F8 (Flyball, 8LM)
Batting: RHB Brett Callison 0-0: Ball
1-0: Called Strike
1-1: Foul Ball, location: 2F
1-2: Foul Ball, location: 2F
1-2: Foul Ball, location: 2F
1-2: Foul Ball, location: 2F
1-2: Ball
2-2: Ball
3-2: Ground out 4-3 (Groundball, 4)
Batting: RHB Alfredo Martínez 0-0: Called Strike
0-1: Foul Ball, location: 2F
0-2: Ball
1-2: SOLO HOME RUN (Flyball, 89D), Distance : 418 ft
Batting: LHB Kyoji Hakoda 0-0: Ball
1-0: Ball
2-0: Foul Ball, location: 2F
2-1: Ball
3-1: Swinging Strike
3-2: Foul Ball, location: 2F
3-2: Fly out, F8 (Flyball, 8RM)
Top of the 7th over - 1 run, 1 hit, 0 errors, 0 left on base; Toledo 5 - Las Vegas 2
BOTTOM OF THE 7TH
Las Vegas Flamingos batting - Pitching for Toledo Stingers : LHP Maxime Janssens
Batting: RHB Shihei Kichikawa 0-0: Called Strike
0-1: Reached on error, E5 (Groundball, 56)
Batting: RHB Jeff Young 0-0: Fly out, F3 (Popup, 3F)
Batting: RHB Sake van Arem 0-0: Ball
Shihei Kichikawa is caught stealing 2nd base
1-0: Ball
2-0: Swinging Strike
2-1: Foul Ball, location: 2F
2-2: Ball
3-2: Foul Ball, location: 2F
3-2: SINGLE (Flyball, 4MD)
Pitching: LHP Bill Edmonds
Batting: LHB Ruud van Ineveld 0-0: Called Strike
0-1: Ball
1-1: Ball
2-1: Ball
3-1: Foul Ball, location: 2F
3-2: Foul Ball, location: 2F
3-2: Fly out, F8 (Flyball, 8RD)
Bottom of the 7th over - 0 runs, 1 hit, 1 error, 1 left on base; Toledo 5 - Las Vegas 2
TOP OF THE 8TH
Toledo Stingers batting - Pitching for Las Vegas Flamingos : RHP Esteban Ruíz
Batting: SHB Dylan Carson 0-0: Ball
1-0: SINGLE (Line Drive, 4MD)
Batting: RHB Tamasaburo Kato 0-0: Bunt missed!
0-1: Ball
1-1: Bunted foul
1-2: Fly out, F3 (Popup, 34S)
Batting: RHB Manny Bendixen 0-0: Ball
1-0: SINGLE (Line Drive, 7S)
Dylan Carson to second
Batting: RHB Pedro Álvarez 0-0: Called Strike
Dylan Carson steals 3rd base
0-1: DOUBLE (Flyball, 78D)
Dylan Carson scores
Manny Bendixen to third
Pitching: LHP Pedro Ortíz
Batting: LHB Francisco Alfaro 0-0: Called Strike
0-1: Ground out 4-3 (Groundball, 4M)
Batting: LHB Tural Bishara 0-0: Foul Ball, location: 2F
0-1: Foul Ball, location: 2F
0-2: Foul Ball, location: 2F
0-2: Foul Ball, location: 2F
0-2: Foul Ball, location: 2F
0-2: Ground out 6-3 (Groundball, 6MD)
Top of the 8th over - 1 run, 3 hits, 0 errors, 2 left on base; Toledo 6 - Las Vegas 2
BOTTOM OF THE 8TH
Las Vegas Flamingos batting - Pitching for Toledo Stingers : LHP Bill Edmonds
Batting: RHB Baldomero Avino 0-0: Ball
1-0: Called Strike
1-1: Swinging Strike
1-2: Foul Ball, location: 2F
1-2: Foul Ball, location: 2F
1-2: Foul Ball, location: 2F
1-2: Fly out, F8 (Flyball, 78XD)
Batting: LHB Victor Adams 0-0: Foul Ball, location: 2F
0-1: Foul Ball, location: 2F
0-2: Foul Ball, location: 2F
0-2: Ball
1-2: Ball
2-2: Foul Ball, location: 2F
2-2: Foul Ball, location: 2F
2-2: Ball
3-2: Foul Ball, location: 2F
3-2: Strikes out swinging
Batting: LHB Ty Tomblin 0-0: Called Strike
0-1: Foul Ball, location: 2F
0-2: Ball
1-2: Foul Ball, location: 2F
1-2: SINGLE (Groundball, 34D)
Batting: RHB Xavier Hernández 0-0: Ball
1-0: Ball
2-0: Called Strike
2-1: Ball
3-1: Foul Ball, location: 2F
3-2: Strikes out swinging
Bottom of the 8th over - 0 runs, 1 hit, 0 errors, 1 left on base; Toledo 6 - Las Vegas 2
TOP OF THE 9TH
Toledo Stingers batting - Pitching for Las Vegas Flamingos : LHP Pedro Ortíz
Batting: RHB Brett Callison 0-0: Foul Ball, location: 2F
0-1: Ball
1-1: Foul Ball, location: 2F
1-2: Ball
2-2: Ball
3-2: SINGLE (Groundball, 34D)
Batting: RHB Alfredo Martínez 0-0: Called Strike
0-1: Ball
1-1: TRIPLE (Flyball, 78XD)
Brett Callison scores
Batting: LHB Kyoji Hakoda 0-0: Called Strike
0-1: Called Strike
0-2: Ball
1-2: Ball
2-2: DOUBLE (Line Drive, 7LM)
Alfredo Martínez scores
Pitching: RHP George Frazier
Batting: SHB Dylan Carson 0-0: Called Strike
0-1: SINGLE (Flyball, 89M)
Kyoji Hakoda to third
Batting: RHB Tamasaburo Kato 0-0: Fly out, F8 (Flyball, 78D)
Runner from 3rd tags up, SCORES, throw made
Batting: RHB Manny Bendixen 0-0: Ball
1-0: SINGLE (Line Drive, 7S)
Dylan Carson to second
Batting: RHB Pedro Álvarez 0-0: Called Strike
0-1: Swinging Strike
0-2: Ball
1-2: Strikes out swinging
Batting: LHB Francisco Alfaro 0-0: Ball
1-0: Ground out 1-3 (Groundball, 13S)
Top of the 9th over - 3 runs, 5 hits, 0 errors, 2 left on base; Toledo 9 - Las Vegas 2
BOTTOM OF THE 9TH
Las Vegas Flamingos batting - Pitching for Toledo Stingers : LHP Bill Edmonds
Batting: SHB Takashi Noda 0-0: Called Strike
0-1: Called Strike
0-2: Ball
1-2: DOUBLE (Line Drive, 9LM)
Batting: RHB Shihei Kichikawa 0-0: Ball
1-0: Called Strike
1-1: Foul Ball, location: 2F
1-2: TRIPLE (Flyball, 78XD)
Takashi Noda scores
Batting: RHB Jeff Young 0-0: Ball
1-0: Foul Ball, location: 2F
1-1: Called Strike
1-2: Fly out, F7 (Flyball, 7LS)
Pitching: RHP Juan Parales
Batting: RHB Sake van Arem 0-0: Ball
1-0: Ball
2-0: Ball
3-0: Called Strike
3-1: SINGLE (Groundball, 6MD)
Shihei Kichikawa scores
Batting: LHB Ruud van Ineveld 0-0: Ball
1-0: Ball
2-0: Ball
3-0: Base on Balls
Sake van Arem to second
Batting: RHB Baldomero Avino 0-0: Ball
1-0: Foul Ball, location: 2F
1-1: Foul Ball, location: 2F
1-2: Grounds into double play, 5-4-3 (Groundball, 5)
Bottom of the 9th over - 2 runs, 3 hits, 0 errors, 1 left on base; Toledo 9 - Las Vegas 4
Friday, March 29th, 2019 - OOTP Baseball 18.8 Build 76